Map: Ice and Chrome LE

Players

SpeCial

  • Race: Terran Terran
  • Spawn Location: 1:00

AgoElazer (Elazer) - Winner!

  • Race: Zerg Zerg
  • Spawn Location: 7:00

Event: War Chest Team League

VOD

Have the link to the VOD?

Description

Time

  • Played on: Aug. 2, 2020, 5:23 a.m.
  • Length: 5:06
Show
View Real Time Build Order
Export as new Build Order

SpeCial Terran 

Build Orders:  

Get SALT Encoding   

  12  0:00  SCV  
  13  0:12  SCV  
  14  0:18  Supply Depot  
  14  0:24  SCV  
  15  0:42  Barracks  
  15  0:52  Barracks  
  15  1:05  Barracks  
  15  1:09  SCV  
  16  1:23  SCV  
  17  1:29  Marine  
  18  1:35  Orbital Command  
  18  1:40  Marine  
  18  1:46  Supply Depot, Marine  
  20  1:52  Marine  
  21  1:58  Marine  
  22  2:04  Marine  
  22  2:05  Bunker  
  23  2:11  Marine, SCV  
  25  2:17  Marine  
  25  2:22  Marine  
  27  2:29  Marine  
  26  2:31  SCV  
  26  2:35  Marine  
  28  2:38  Supply Depot  
  28  2:40  Marine  
  28  2:43  SCV  
  30  2:47  Marine  
  31  3:00  Marine x2, SCV  
  34  3:09  Command Center  
  34  3:11  Marine  
  35  3:19  Marine x2  
  37  3:22  SCV  
  35  3:29  Marine  
  35  3:33  Supply Depot  
  35  3:37  Marine  
  35  3:38  Marine  
  37  3:47  Marine  
  38  3:54  Marine  
  38  3:55  SCV  
  40  3:56  Marine  
  41  4:05  Marine  
  42  4:12  Marine  
  42  4:14  Marine  
  44  4:23  Marine  
  42  4:30  Marine  
Show
View Real Time Build Order
Export as new Build Order

AgoElazer Zerg - Winner!

Build Orders: Hatch First 

Get SALT Encoding   

  12  0:00  Drone  
  13  0:12  Overlord  
  13  0:16  Drone  
  14  0:30  Drone  
  14  0:31  Drone  
  16  0:48  Hatchery  
  15  0:50  Drone  
  15  0:54  Drone  
  17  0:58  Drone  
  18  1:08  Extractor  
  17  1:12  Spawning Pool  
  17  1:17  Drone  
  17  1:19  Drone  
  18  1:28  Drone  
  19  1:38  Drone  
  20  2:00  Queen  
  22  2:02  Zergling x6, Spine Crawler  
  24  2:09  Queen  
  24  2:11  Zergling x4  
  27  2:28  Zergling x2  
  27  2:29  Zergling x2  
  27  2:41  Overlord  
  27  2:47  Drone  
  28  3:00  Queen  
  28  3:03  Drone x3  
  33  3:07  Drone  
  34  3:16  Spine Crawler  
  28  3:27  Drone x5  
  33  3:38  Overlord  
  33  3:40  Drone  
  33  3:46  Spine Crawler  
  33  3:47  Spine Crawler  
  33  3:48  Zergling x2  
  32  3:53  Zergling x2  
  33  3:57  Spine Crawler  
  33  3:59  Zergling x2  
  33  4:01  Zergling x2  
  34  4:08  Zergling x10  
  39  4:17  Zergling x4  
  39  4:19  Zergling x2  
  40  4:30  Zergling x4  
  35  4:38  Zergling x4  
  35  4:43  Zergling x4  
Tags
 
Add a new tag
Caveats
  • Supply blocks, unpowered buildings, or Contaminate may cause inaccurate times.
  • Supply counts are checked every 10 seconds.